Map: Prion Terraces

Players

WildCatBrown

  • Race: Protoss Protoss

NadaKorean - Winner!

  • Race: Zerg Zerg

VOD

Have the link to the VOD?

Description

Time

  • Played on: Dec. 14, 2015, 9:44 p.m.
  • Length: 14:38
Show
View Real Time Build Order
Export as new Build Order

WildCatBrown Protoss 

Build Orders: 1 Gate Expand 

Get SALT Encoding   

  12  0:01  Probe (Chrono Boost)  
  13  0:12  Probe (Chrono Boost)  
  14  0:24  Probe (Chrono Boost), Pylon  
  15  0:42  Probe (Chrono Boost)  
  16  0:44  Gateway  
  16  0:53  Probe (Chrono Boost)  
  16  0:55  Assimilator  
  17  1:01  Assimilator  
  17  1:03  Probe (Chrono Boost)  
  18  1:14  Probe (Chrono Boost)  
  19  1:24  Probe (Chrono Boost)  
  20  1:33  Nexus  
  20  1:40  Pylon  
  20  1:41  Probe (Chrono Boost)  
  21  1:48  Zealot  
  23  1:58  Probe (Chrono Boost)  
  24  2:06  Cybernetics Core  
  24  2:09  Probe (Chrono Boost)  
  25  2:20  Probe (Chrono Boost)  
  26  2:22  Gateway  
  26  2:31  Probe (Chrono Boost)  
  27  2:46  Forge  
  27  2:47  Pylon  
  27  2:48  Probe (Chrono Boost)  
  27  2:51  Probe (Chrono Boost)  
  29  2:57  Warp Gate  
  29  2:59  Probe (Chrono Boost)  
  29  3:01  Probe (Chrono Boost)  
  31  3:10  Probe (Chrono Boost)  
  31  3:12  Gateway  
  32  3:14  Stalker  
  32  3:17  Probe (Chrono Boost)  
  35  3:23  Mothership Core (Chrono Boost)  
  37  3:27  Probe (Chrono Boost)  
  38  3:38  Stalker  
  40  3:49  Protoss Ground Weapons Level 1  
  40  3:52  Probe (Chrono Boost)  
  40  3:54  Probe (Chrono Boost)  
  42  3:58  Assimilator  
  42  4:03  Assimilator  
  42  4:04  Probe (Chrono Boost)  
  42  4:08  Pylon  
  38  4:10  Twilight Council  
  38  4:15  Probe (Chrono Boost)  
  36  4:35  Probe (Chrono Boost)  
  36  4:36  Probe (Chrono Boost)  
  38  4:46  Probe (Chrono Boost)  
  38  4:47  Probe (Chrono Boost)  
  40  4:53  Robotics Facility, Blink (Chrono Boost)  
  40  4:56  Probe (Chrono Boost)  
  40  4:57  Probe (Chrono Boost)  
  42  5:02  Gateway  
  42  5:04  Gateway  
  42  5:06  Probe (Chrono Boost)  
  43  5:08  Probe (Chrono Boost)  
  44  5:16  Probe  
  44  5:19  Stalker, Probe  
  44  5:20  Stalker  
  50  5:31  Probe  
  50  5:33  Stalker  
  53  5:42  Probe  
  53  5:43  Probe  
  55  5:54  Photon Cannon  
  55  5:57  Stalker x3  
  55  6:01  Pylon  
  61  6:18  Warp Prism  
  63  6:30  Protoss Ground Armor Level 1  
  63  6:31  Pylon  
  63  6:32  Stalker x3  
  69  6:48  Pylon  
  69  6:52  Pylon  
  67  6:58  Stalker x2  
  67  6:59  Stalker x3  
  71  7:24  Stalker x5  
  70  7:53  Stalker x5  
  72  8:41  Stalker x5  
  76  8:48  Observer  
  83  8:50  Protoss Ground Weapons Level 2  
  83  8:55  Charge (Chrono Boost)  
  83  9:05  Zealot x5  
  79  9:39  Stalker x4  
  79  9:40  Stalker  
  69  10:28  Stalker x5  
  75  10:48  Nexus  
  75  10:50  Assimilator  
  75  10:54  Assimilator  
  75  10:57  Pylon  
  75  11:04  Stalker x3  
  76  11:05  Stalker x2  
  76  11:06  Protoss Ground Armor Level 2  
  82  11:14  Pylon  
  82  11:16  Pylon  
  82  11:20  Pylon  
  72  11:54  Stargate  
  72  11:56  Stargate  
  72  11:57  Probe  
  72  11:59  Probe x2, Stargate  
  72  12:01  Stargate  
  75  12:07  Pylon  
  75  12:08  Probe  
  75  12:09  Probe  
  75  12:11  Probe  
  75  12:12  Pylon  
  78  12:21  Zealot x4  
  78  12:22  Zealot  
  64  13:07  Probe  
  65  13:18  Probe  
  62  13:28  Probe  
  62  13:30  Stalker x5  
  55  13:59  Stalker x2  
  55  14:00  Stalker x3  
Show
View Real Time Build Order
Export as new Build Order

NadaKorean Zerg - Winner!

Build Orders: Pool First 

Get SALT Encoding   

  12  0:09  Drone  
  12  0:10  Drone  
  14  0:17  Overlord  
  14  0:22  Extractor  
  14  0:24  Drone  
  15  0:37  Drone  
  16  0:49  Drone, Spawning Pool  
  16  0:56  Drone  
  17  1:16  Hatchery  
  17  1:17  Drone  
  17  1:23  Extractor  
  16  1:26  Drone x2  
  18  1:39  Queen  
  20  1:41  Drone  
  21  1:48  Drone  
  22  2:05  Overlord  
  22  2:22  Hatchery  
  22  2:23  Drone  
  22  2:24  Drone  
  23  2:30  Queen  
  23  2:33  Queen  
  27  2:38  Drone  
  28  2:53  Drone x5  
  33  3:03  Zergling x6  
  36  3:10  Extractor  
  35  3:19  Overlord  
  35  3:22  Overlord  
  35  3:26  Extractor, Queen  
  36  3:28  Extractor  
  35  3:47  Drone  
  35  3:48  Drone x6  
  41  3:51  Zergling x4  
  43  4:00  Roach Warren  
  39  4:35  Lair  
  39  4:37  Drone x3  
  39  4:38  Drone x2  
  43  4:39  Drone x3  
  47  5:03  Roach x5  
  47  5:05  Overlord x3  
  57  5:26  Hatchery  
  56  5:29  Queen x2  
  56  5:31  Overlord  
  56  5:33  Roach x2  
  56  5:34  Roach x6  
  76  5:41  Extractor  
  75  5:43  Extractor  
  74  5:56  Spire  
  73  5:57  Roach  
  73  5:58  Roach x5  
  85  6:27  Roach x2  
  85  6:28  Zergling x2  
  85  6:29  Overlord x4  
  88  6:59  Roach  
  88  7:00  Roach x12  
  112  7:17  Roach x5  
  117  7:42  Drone  
  117  7:43  Drone x10  
  112  8:03  Hydralisk Den  
  95  8:11  Zergling x2  
  95  8:12  Zergling x20  
  90  8:21  Overlord  
  80  8:31  Roach x4  
  86  8:38  Drone  
  86  8:39  Drone x3  
  90  8:51  Zerg Flyer Weapons Level 1  
  90  8:58  Roach  
  90  8:59  Roach x7  
  106  9:12  Roach x9  
  118  9:23  Zergling x2  
  118  9:24  Zergling x6  
  107  9:39  Drone x6  
  111  9:53  Overlord  
  111  9:55  Mutalisk x2  
  108  10:01  Zergling x18  
  112  10:36  Mutalisk  
  112  10:37  Mutalisk x8  
  130  10:55  Roach  
  130  10:56  Roach x2  
  135  11:02  Zergling x6  
  130  11:13  Zergling x2  
  130  11:14  Zergling x4  
  133  11:32  Zergling x2  
  133  11:33  Zergling x10  
  133  11:37  Overlord x3  
  135  11:45  Drone x3  
  135  11:46  Drone  
  138  12:02  Hatchery  
  137  12:12  Drone  
  137  12:13  Drone x2  
  137  12:14  Hatchery  
  139  12:19  Roach  
  139  12:20  Hatchery, Roach x11  
  162  12:26  Lurker Den  
  155  12:44  Zergling x2  
  155  12:45  Zergling x10  
  155  12:48  Overlord x3  
  159  12:58  Roach  
  161  13:06  Overlord x4  
  156  13:29  Zergling x6  
  156  13:30  Zergling x10  
  158  13:52  Drone x2  
  158  13:53  Drone x6  
  155  13:59  Queen x4  
  144  14:25  Drone  
  144  14:26  Drone x5  
Tags
 
Add a new tag
Caveats
  • Supply blocks, unpowered buildings, or Contaminate may cause inaccurate times.
  • Supply counts are checked every 10 seconds.